AoeStats
← Dr Whitman

African Clearing

510947194Analyzed
4v4 RM · 13h ago on Oct 3, 2026· 49m 21s· 8 players
Game mode
Random Map
Map size
Large (8 player)
Population
200
Speed
Normal
Resources
Standard
Victory
Conquest
Starting age
Dark Age
Ending age
Imperial Age
RankedLock teamsTeams togetherTeam positionsShared explorationLock speedFull tech treeHidden civsTurbo modeCheats
Victory
Defeat
🇹🇼 Magyars · Taiwan
1484
+11
🇨🇳 Huns · China
1468
+12
1342
+17
🇨🇦 Saracens · Canada
1320
+17
🇦🇷 Koreans · Argentina
1391
-15
🇨🇴 Burgundians · Colombia
1390
-15
🇺🇸 Berbers · United States
1389
-15
🇺🇸 Mongols · United States
1309
-12
Cain2point0
11:20 Loom
13:22 Feudal Age
17:27 Castle Age
17:01 Double-Bit Axe
17:25 Fletching
21:50 Bodkin Arrow
33:10 Padded Archer Armor
34:30 Gold Mining
35:28 Bow Saw
36:14 Leather Archer Armor
38:43 Ballistics
39:21 Wheelbarrow
40:50 Bloodlines
40:41 Husbandry
43:44 Imperial Age
43:26 Kasbah
44:31 Bracer
44:56 Conscription
45:16 Ring Archer Armor
44:44 Elite Camel Archer
46:06 Maghrebi Camels
47:39 Chemistry
47:36 Gold Shaft Mining
46:57 Stone Mining
47:49 Town Watch
48:25 Hand Cart
maxwell54
4:03 Loom
6:27 Double-Bit Axe
14:26 Feudal Age
14:36 Horse Collar
22:34 Castle Age
21:26 Bow Saw
30:23 Town Watch
32:42 Fletching
39:25 Wheelbarrow
38:45 Gold Mining
38:59 Bodkin Arrow
42:55 Imperial Age
40:36 Padded Archer Armor
40:39 Heavy Plow
41:59 Leather Archer Armor
41:59 Elite Skirmisher
43:35 Gold Shaft Mining
44:01 Bracer
45:40 Chemistry
MATE
4:08 Loom
13:07 Feudal Age
14:47 Wheelbarrow
14:06 Double-Bit Axe
15:46 Fletching
21:47 Castle Age
30:55 Bodkin Arrow
38:45 Hand Cart
40:17 Ballistics
45:32 Imperial Age
46:21 Bracer
47:51 Chemistry
Dr Whitman
9:54 Loom
12:09 Feudal Age
19:08 Scale Barding Armor
19:13 Forging
21:49 Bloodlines
22:49 Wheelbarrow
25:09 Castle Age
32:42 Castle Age
33:17 Crossbowman
34:04 Thumb Ring
33:58 Fletching
35:45 Bodkin Arrow
35:51 Padded Archer Armor
38:56 Double-Bit Axe
39:00 Horse Collar
Bugzy
9:30 Loom
12:02 Feudal Age
13:11 Double-Bit Axe
14:57 Fletching
21:43 Castle Age
21:58 Crossbowman
22:51 Bodkin Arrow
35:44 Wheelbarrow
39:42 Imperial Age
37:28 Forging
37:40 Scale Barding Armor
39:04 Iron Casting
39:15 Bloodlines
39:06 Husbandry
40:16 Hand Cart
40:57 Chain Barding Armor
42:29 Blast Furnace
40:53 Elite Mameluke
41:54 Conscription
42:14 Plate Barding Armor
41:04 Heavy Camel Rider
42:41 Coinage
45:08 Bracer
45:09 Padded Archer Armor
45:09 Scale Mail Armor
46:46 Ballistics
47:27 Chemistry
疫拳抄人
8:17 Loom
11:07 Feudal Age
12:03 Town Watch
18:32 Bloodlines
24:19 Castle Age
24:09 Fletching
24:56 Bodkin Arrow
25:14 Double-Bit Axe
26:01 Guard Tower
27:31 Ballistics
29:48 Scale Barding Armor
33:03 Wheelbarrow
41:52 Horse Collar
45:31 Hand Cart
46:05 Bow Saw
45:59 Heavy Plow
46:44 Stone Mining
46:44 Gold Mining
50:55 Imperial Age
50:19 Chain Barding Armor
战歌
4:58 Loom
13:19 Feudal Age
18:59 Castle Age
16:57 Man-at-Arms
18:21 Double-Bit Axe
18:41 Arson
19:19 Long Swordsman
28:59 Wheelbarrow
33:45 Stone Mining
37:18 Bow Saw
37:01 Gold Mining
38:56 Horse Collar
44:42 Gold Shaft Mining
49:52 Imperial Age
49:02 Bloodlines
48:52 Husbandry
49:42 Forging
娘子出來看上帝了
5:01 Loom
13:26 Feudal Age
17:48 Castle Age
16:04 Fletching
16:26 Double-Bit Axe
19:23 Bow Saw
19:40 Bodkin Arrow
24:12 Wheelbarrow
23:46 Gold Mining
30:42 Husbandry
31:20 Horse Collar
32:05 Ballistics
33:27 Town Watch
37:30 Heavy Plow
41:26 Imperial Age
39:37 Gold Shaft Mining
40:20 Thumb Ring
40:32 Hand Cart
41:42 Stone Mining
42:31 Conscription
43:14 Chemistry
42:15 Bracer
44:11 Two-Man Saw
43:12 Elite War Wagon
44:02 Arrowslits
44:55 Eupseong
46:58 Siege Engineers
47:04 Masonry
46:34 Treadmill Crane
Connection lost

Rejoining the realm…

Still unreachable

The connection could not be restored.

Session expired

The server has moved on; the page needs a fresh start.